 Dungeon Crawl Stone Soup version 0.30-a0-1123-gabc949cf19 (webtiles) character file.

Game seed: 8026000293311425558

165 Arzdou the Gusty (level 5, -3/38 HPs)
             Began as a Draconian Air Elementalist on Apr 22, 2023.
             Succumbed to a kobold brigand's curare-tipped dart
             ... in a sewer.
             The game lasted 00:08:33 (3896 turns).

Arzdou the Gusty (Draconian Air Elementalist)       Turns: 3896, Time: 00:08:33

Health: -3/38      AC:  5    Str:  9    XL:     5   Next: 22%
Magic:  6/9        EV: 12    Int: 21    God:
Gold:   83         SH:  0    Dex: 11    Spells: 4/9 levels left

rFire   . . .        e - +0 dagger
rCold   . . .        (no shield)
rNeg    . . .        (body armour unavailable)
rPois   .            (helmet restricted)
rElec   .            (no cloak)
rCorr   .            (no gloves)
SInv    .            (no boots)
Will    .....        (no amulet)
Stlth   ++           (no ring)
HPRegen 0.26/turn    (no ring)
MPRegen 0.11/turn

%: no passive effects
@: lethally poisoned (-3 -> -47), slowed, very slow
A: AC +5, unfitting armour, cold-blooded, clever 1, sense surroundings 1
a: no special abilities


You were in a sewer.
You visited 1 branch of the dungeon, and saw 3 of its levels.
You also visited: Sewer.

You collected 83 gold pieces.

Inventory:

Hand Weapons
 e - a +0 dagger (weapon)
Scrolls
 b - a scroll of enchant weapon {unknown}
 c - 2 scrolls of butterflies {unknown}
 d - 2 scrolls of magic mapping
 f - 4 scrolls of identify {unknown}
 h - a scroll of poison {unknown}
 j - 2 scrolls of enchant armour
 k - a scroll of fog {unknown}
Potions
 a - 2 potions of magic
 g - a potion of curing {unknown}
 i - a potion of flight {unknown}
 l - 2 potions of mutation
 m - a potion of experience {unknown}
 n - 2 potions of haste {unknown}


   Skills:
 + Level 0.1 Fighting
 + Level 2.1 Dodging
 + Level 2.1 Stealth
 - Level 0.5 Unarmed Combat
 + Level 2.8 Spellcasting
 * Level 2.6 Conjurations
 * Level 4.3 Air Magic


You had 4 spell levels left.
You knew the following spells:

 Your Spells              Type           Power      Damage    Failure   Level
a - Shock                 Conj/Air       68%        1d7       3%          1
b - Airstrike             Air            10%        2d(2-18)  22%         4

Your spell library contained the following spells:

 Spells                   Type           Power      Damage    Failure   Level
 Static Discharge         Conj/Air       34%        2-4/arc   4%          2
 Swiftness                Air            21%        N/A       7%          3
 Summon Guardian Golem    Hex/Summ       3%         N/A       38%         3
 Orb of Destruction       Conj           7%         9d6       100%        7
 Spellforged Servitor     Conj/Summ      4%         N/A       100%        7


Dungeon Overview and Level Annotations

Branches:
Dungeon (3/15)              Sewer (1/1)

Altars:


Innate Abilities, Weirdness & Mutations

Your plain brown scales are hard. (AC +5)
You cannot fit into any form of body armour.
You are cold-blooded and may be slowed by cold attacks.
Your mind is acute. (Int +4, Str/Dex -1)
You passively map a small area around you.


Message History

Found a gate leading back out of this place.
The kobold shouts!
The zap hits the kobold.
You kill the kobold!
Found a lumpy orange potion.
There is a large open door here.
m - a lumpy orange potion
There is a large open door here.
You enter the shallow water.
Moving in this stuff is going to be slow.
You enter the shallow water.
Moving in this stuff is going to be slow.
The zap hits the plant.
The plant begins to die.
The plant is lightly damaged.
The zap misses the kobold brigand.
The kobold brigand shouts!
The zap hits the plant.
The plant is lightly damaged.
The zap misses the kobold brigand.
A nearby plant withers and dies.
The zap misses the kobold brigand.
The kobold brigand throws a curare-tipped dart.
The curare-tipped dart hits you.
You are poisoned.
You have difficulty breathing.
You feel yourself slow down.
You feel extremely sick.
The kobold brigand throws a curare-tipped dart.
The curare-tipped dart hits you.
You are lethally poisoned!
You have difficulty breathing.
You feel as though you will be slow longer.
The kobold brigand throws a curare-tipped dart.
The curare-tipped dart hits you.
You are more poisoned.
You have difficulty breathing.
* * * LOW HITPOINT WARNING * * *
You feel as though you will be slow longer.
It was a potion of mutation.
You feel extremely strange.
You feel a strange attunement to the structure of the dungeons.
You feel clever.
You die...

#......~~~~≈~#......#
#......~~~~≈~#......#
##...K..P~~≈~#......#
##.....~#~≈~#.....##
##....~~#~~~#.....#
##.....~~#~≈~#.....#
#......P.#~≈~#.....##
#.P......#~≈~#P.....##
#....@...#~≈~#~~.....#
##.....~P#~≈~~~~P.P...
#P....~~#~~~#P~......
#.....P~#~≈~~~~~.....
##.....~~#~≈~#~~......
#.....P~P~~≈~#P.......
#.....~~~~~≈~#........
####..P~~~~≈~#........
#....~~~~~~~#P~......


You could see a kobold brigand.

Vanquished Creatures
  7 adders
  A worm (D:2)
  4 dart slugs
  An orc (D:3)
  4 bats
  10 endoplasms
  4 giant cockroaches
  A hobgoblin (D:2)
  9 jackals
  22 kobolds
  2 quokkas
  11 ball pythons
  2 frilled lizards (D:1)
  3 goblins
  9 rats
90 creatures vanquished.

Vanquished Creatures (others)
  2 fungi
  9 plants
11 creatures vanquished.

Grand Total: 101 creatures vanquished

Notes
Turn   | Place    | Note
-------+----------+-------------------------------------------
     0 | D:1      | Arzdou the Draconian Air Elementalist began the quest for
                  | the Orb.
     0 | D:1      | Reached XP level 1. HP: 14/14 MP: 3/3
   221 | D:1      | Reached XP level 2. HP: 20/20 MP: 0/5
   958 | D:2      | Reached XP level 3. HP: 24/26 MP: 1/6
  1202 | D:2      | Found a faded altar of an unknown god.
  1483 | D:2      | HP: 1/26 [poisoned by an adder]
  1862 | D:2      | Reached skill level 4 in Air Magic
  1862 | D:2      | Reached XP level 4. HP: 33/33 MP: 2/7
  1867 | D:2      | Learned a level 4 spell: Airstrike
  3098 | D:3      | Found a glowing drain.
  3109 | D:3      | Reached XP level 5. HP: 38/38 MP: 5/9
  3245 | Sewer    | Entered a sewer
  3896 | Sewer    | Gained mutation: You passively map a small area around you.
                  | [potion of mutation]
  3896 | Sewer    | Gained mutation: Your mind is acute. (Int +4, Str/Dex -1)
                  | [potion of mutation]
  3896 | Sewer    | Succumbed to a kobold brigand's curare-tipped dart

Illustrated notes

Levels and vault maps discovered:
D:1:      minmay_arrival_nine_rooms, layout_rooms
D:2:      layout_basic, shapermc_ecumenical_altar_acropolis
D:3:      layout_loops_ring, portal_sewer_entry_b, minmay_misc_feat_hallway,
          minmay_hedge_maze, kennysheep_nub
Sewer:    kennysheep_pipe_town

Skill      XL: |  1  2  3  4 |
---------------+-------------+-----
Dodging        | 2 |  2.1
Air Magic      | 4 |  4.3
Conjurations   | 2 |  2.6
Stealth        | 2 |  2.1
Fighting       | |  0.1
Unarmed Combat | |  0.5
Spellcasting   | |  2.8

Action                     |  1- 3 |  4- 6 || total
---------------------------+-------+-------++-------
  Melee: Unarmed           |    11 |       ||    11
         Dagger            |    41 |    20 ||    61
         Tailslap          |     6 |     4 ||    10
         Punch             |     1 |     1 ||     2
   Cast: Shock             |    94 |    91 ||   185
    Use: Potion            |     1 |     1 ||     2
         Scroll            |       |     3 ||     3
 Armour: Skin              |    13 |    28 ||    41
  Dodge: Dodged            |    47 |    66 ||   113

Table legend: (Time is in decaauts)
 A = Elapsed time spent in this place.
 B = Non-inter-level travel time spent in this place.
 C = Inter-level travel time spent in this place.
 D = Time resting spent in this place.
 E = Time spent auto-exploring this place.
 F = Levels seen in this place.
 G = Mean time per level.
                   A        B        C        D        E       F      G
               +--------+--------+--------+--------+--------+-----+--------+
         Total |   3951 |   3870 |     81 |    161 |   2987 |   4 |  987.8 |
       Dungeon |   3247 |   3166 |     81 |      0 |   2655 |   3 | 1082.3 |
         Sewer |    703 |    703 |      0 |    161 |    332 |   1 |  703.0 |
               +--------+--------+--------+--------+--------+-----+--------+

Top non-repeatable levels by time:
     D:2: 1703 daAuts
     D:1: 930 daAuts
   Sewer: 703 daAuts
     D:3: 614 daAuts
